 Dungeon Crawl Stone Soup version 0.24-b1 (webtiles) character file.

Game seed: 1919957717027549200, levelgen mode: deterministic

7 MisterFreud the Scratcher (level 1, 0/9 HPs)
             Began as a Felid Transmuter on Oct 13, 2019.
             Slain by a kobold (3 damage)
             ... on level 1 of the Dungeon.
             The game lasted 00:00:57 (53 turns).

MisterFreud the Scratcher (Felid Transmuter)          Turns: 53, Time: 00:00:58

Health: 0/9        AC:  1    Str:  6    XL:     1   Next: 83%
Magic:  3/4        EV: 18    Int: 14    God:
Gold:   0          SH:  0    Dex: 16    Spells: 3/4 levels left
                                        Lives:  0   Deaths: 0

rFire    . . .     SeeInvis +     - Unarmed
rCold    . . .     Gourm    .   (shield unavailable)
rNeg     . . .     Faith    .   (armour unavailable)
rPois    .         Spirit   .   (helmet unavailable)
rElec    .         Reflect  .   (cloak unavailable)
rCorr    .         Harm     .   (gloves unavailable)
MR       .....                  (boots unavailable)
Stlth    ++........             (no amulet)
HPRegen  0.03/turn              (no ring)
MPRegen  0.09/turn              (no ring)

@: appendage, quick
A: very small, no armour, no weapons or thrown items, stealth, claws 1, fangs 3,
horns 2, see invisible, carnivore, speed 1, shaggy fur 1, slow metabolism 1,
sharp paws
a: End Transformation


You were on level 1 of the Dungeon.
You were not hungry.
You had grown temporary horns.
You visited 1 branch of the dungeon, and saw 1 of its levels.

Inventory:

Missiles
 a - 36 arrows
Potions
 b - a potion of agility {unknown}
Comestibles
 c - a ration


   Skills:
 - Level 1.0 Fighting
 - Level 2.6 Dodging
 - Level 3.0 Unarmed Combat
 + Level 2.1 Spellcasting
 * Level 2.7 Transmutations


You had 3 spell levels left.
You knew the following spells:

 Your Spells              Type           Power        Failure   Level  Hunger
a - Beastly Appendage     Tmut           #.....       8%          1    #......

Your spell library contained the following spells:

 Spells                   Type           Power        Failure   Level  Hunger
 Sticks to Snakes         Tmut           #.......     12%         2    ###....
 Spider Form              Tmut/Pois      #.........   38%         3    ###....
 Ice Form                 Ice/Tmut       #.......     80%         4    #####..
 Blade Hands              Tmut           #.........   91%         5    ######.


Dungeon Overview and Level Annotations

Branches:
Dungeon (1/15)

Altars:


Innate Abilities, Weirdness & Mutations

You cannot wear armour.
You are incapable of wielding weapons or throwing items.
Your paws allow you to move quietly. (Stealth)
You have sharp claws.
You have razor-sharp teeth.
You have supernaturally acute eyesight. (SInv)
You are carnivorous and can eat meat at any time.
You cover ground quickly.
You are covered in fur. (AC +1)
You have a slow metabolism.
Your sharp claws are effective at attacking unaware monsters.
You have a pair of horns on your head.


Message History

Your headbutt misses the giant cockroach.
Your bite misses the giant cockroach.
The giant cockroach closely misses you. x2
You closely miss the giant cockroach. You headbutt the giant cockroach.
The giant cockroach is almost dead.
The giant cockroach completely misses you.
You closely miss the giant cockroach.
The giant cockroach is almost dead.
The giant cockroach misses you.
You scratch the giant cockroach.
You kill the giant cockroach!
Your horns disappear.
Casting: Beastly Appendage (safe; 8% risk of failure)
Confirm with . or Enter, or press ? or * to list all spells.
You grow a pair of large bovine horns.
You closely miss the kobold. Your bite misses the kobold.
The kobold misses you.
You closely miss the kobold. The kobold completely misses you.
You scratch the kobold but do no damage.
Your bite misses the kobold. The kobold hits you.
You die...

.... #######≈######
...... #≈≈#.......#≈≈#
...... #≈#.........#≈#
...... ##...........##
(... #.............#
##..##.............# .
##..#.#.............#≈#
#..#..K......<......≈≈≈
#..#.#@............#
##.†##.............#
##..#.............#
#...##...........##
#...#≈#.........#≈#
....#≈≈#.......#≈≈#
#.#..#######≈#######
..#... §≈≈ #?##.... .#§


You could see a kobold.

Vanquished Creatures
  A giant cockroach (D:1)
  4 jackals (D:1)
5 creatures vanquished.

Notes
Turn   | Place    | Note
-------+----------+-------------------------------------------
     0 | D:1      | MisterFreud the Felid Transmuter began the quest for the
                  | Orb.
     0 | D:1      | Reached XP level 1. HP: 9/9 MP: 4/4
    53 | D:1      | Slain by a kobold

Action                   || total
-------------------------++-------
Melee: Unarmed           ||    25
       Headbutt          ||     5
       Punch             ||     1
       Bite              ||     1
 Cast: Beastly Appendage ||     3
Dodge: Dodged            ||    20
